 Dungeon Crawl Stone Soup version 0.28-a0-723-g095bd1b44f (webtiles) character file.

Game seed: 14765571147080127233

3754 willcat the Covert (level 10, -8/56 HPs)
             Began as a Kobold Delver on Oct 25, 2021.
             Was an Initiate of Gozag.
             Mangled by a two-headed ogre (9 damage)
             ... on level 9 of the Dungeon on Oct 26, 2021.
             The game lasted 00:13:03 (8265 turns).

willcat the Covert (Kobold Delver)                  Turns: 8265, Time: 00:13:03

Health: -8/56      AC: 16    Str: 17    XL:     10   Next: 37%
Magic:  10/10      EV: 16    Int: 14    God:    Gozag
Gold:   646        SH:  5    Dex: 16    Spells: 9/9 levels left

rFire   . . .      SeeInvis +   b - +3 long sword (flame)
rCold   . . .      Faith    .   (shield restricted)
rNeg    + . .      Spirit   .   r - +6 scale mail of the Undertaker {-Tele +Inv Str+6}
rPois   .          Reflect  +   y - +2 helmet
rElec   .          Harm     .   (no cloak)
rCorr   .          Rampage  .   (no gloves)
Will    .....      NoTele   +   q - +0 pair of boots
Stlth   ++++......              o - amulet of reflection
HPRegen 0.18/turn               u - ring of positive energy
MPRegen 0.12/turn               m - ring of see invisible

@: no status effects
A: small, no large weapons, nightstalker 3
a: Renounce Religion, Evoke Invisibility, Potion Petition, Call Merchant, Bribe
Branch


You were on level 9 of the Dungeon.
You worshipped Gozag.
Gozag was pleased with you.
You visited 2 branches of the dungeon, and saw 6 of its levels.

You collected 660 gold pieces.
You paid 14 gold pieces to Gozag.

Inventory:

Hand Weapons
 a - a +0 short sword
 b - a +3 long sword of flaming (weapon)
Missiles
 j - 17 poisoned darts (quivered)
Armour
 q - a +0 pair of boots (worn)
 r - the +6 scale mail of the Undertaker (worn) {-Tele +Inv Str+6}
   (You found it on level 7 of the Dungeon)

   Str:       It affects your strength (+6).
   +Inv:      It lets you turn invisible.
   -Tele:     It prevents most forms of teleportation.
 y - a +2 helmet (worn)
Jewellery
 l - a ring of flight
 m - a ring of see invisible (right hand)
 o - an amulet of reflection (around neck)
 u - a ring of positive energy (left hand)
Wands
 g - a wand of digging (3)
 n - a wand of iceblast (1)
 p - a wand of mindburst (3)
 t - a wand of flame (2)
Scrolls
 c - 3 scrolls of fog
 d - a scroll of magic mapping
 h - a scroll of teleportation
 i - 2 scrolls of amnesia
Potions
 f - a potion of haste
 s - a potion of heal wounds
 v - a potion of degeneration {unknown}
 x - 2 potions of flight {unknown}
 A - a potion of cancellation {unknown}


   Skills:
 - Level 3.2 Fighting
 - Level 8.3(8.4) Short Blades
 + Level 1.4(3.5) Long Blades
 - Level 1.3 Maces & Flails
 + Level 6.8 Throwing
 + Level 2.6 Armour
 + Level 8.1 Dodging
 + Level 11.2 Stealth
 + Level 5.6 Evocations


You had 9 spell levels left.
You didn't know any spells.
Your spell library contained the following spells:

 Spells                   Type           Power      Damage    Failure   Level
 Sublimation of Blood     Necr           0%         N/A       82%         2
 Wereblood                Tmut           0%         N/A       82%         2
 Gell's Gravitas          Tloc           0%         N/A       96%         3
 Lesser Beckoning         Tloc           0%         N/A       96%         3
 Teleport Other           Tloc           0%         N/A       96%         3
 Leda's Liquefaction      Hex/Erth       0%         N/A       100%        4
 Lee's Rapid Deconstruct  Erth           0%         3d5*      100%        5
 Statue Form              Tmut/Erth      0%         N/A       100%        6
 Summon Hydra             Summ           0%         N/A       100%        7


Dungeon Overview and Level Annotations

Branches:
Dungeon (9/15)             Temple (1/1) D:5
   Lair: D:8-11         Orc: D:9-12

Altars:
Ashenzari
Cheibriados
Dithmenos
Elyvilon
Fedhas
Gozag
Hepliaklqana
Kikubaaqudgha
Makhleb
Nemelex Xobeh
Okawaru
Qazlal
Ru
Sif Muna
Uskayaw
Vehumet
Wu Jian
Xom
Yredelemnul
Zin
The Shining One


Innate Abilities, Weirdness & Mutations

You are small and have problems with some larger weapons.
You are completely attuned to the shadows.


Message History

Your life force feels restored.
No target in view!
You now have 628 gold pieces (gained 14).
Things that are here:
a -2 spear of flaming; a +0 animal skin You now have 636 gold pieces (gained 8).
Things that are here:
a -2 spear of flaming; a +0 animal skin
Found a stone staircase leading down.
There is a stone staircase leading down here.
There is a stone staircase leading down here.
Things that are here:
a -2 spear of flaming; a +0 animal skin You now have 646 gold pieces (gained 10).
A two-headed ogre comes into view.
It is wielding a +0 giant spiked club and a +0 giant club.
A two-headed ogre is nearby!
A two-headed ogre is nearby!
Your +3 long sword of flaming stops flaming.
a - a +0 short sword (weapon)
A troll comes into view.
Found an escape hatch in the ceiling.
The troll shouts!
The two-headed ogre shouts in stereo!
The two-headed ogre hits you with a +0 giant spiked club!
The two-headed ogre misses you.
You hit the two-headed ogre.
The two-headed ogre is lightly wounded.
Unknown command.
Your +3 long sword of flaming bursts into flame!
b - a +3 long sword of flaming (weapon)
The two-headed ogre hits you with a +0 giant spiked club!
The two-headed ogre hits you with a +0 giant club!
Unknown command.
You see here a +0 morningstar.
There is a stone staircase leading up here.
You can't go down here!
The two-headed ogre hits you with a +0 giant spiked club!!
* * * LOW HITPOINT WARNING * * *
The two-headed ogre hits you with a +0 giant club!
You die...
Your body crumbles into a pile of gold.

###########
#.........###########
#.######.....[.......
#.# #..#####......
#.# #..........## #.#
#..#####.#[# #)# #..#
#.#.# #.#
#..#####@#.##... $
#.# #..##..O.......#
#.# #........#.#...##
##.#
###.##.T.......>..#
...#
#.......#..#.#...#
####
#.......[........#
#.#.#####.#####<.#
#.#... .........#
#.##### #####.#


You could see a two-headed ogre and a troll.

Vanquished Creatures
  Joseph (D:7)
  A troll (D:9)
  Prince Ribbit (D:5)
  Grum (D:9)
  A yak (D:8)
  A steam dragon (D:8)
  A water moccasin (D:5)
  3 orc warriors
  An ice beast (D:7)
  2 ogres (D:5)
  A black bear (D:6)
  2 wolves (D:9)
  A phantom (D:6)
  A scorpion (D:5)
  A bullfrog (D:8)
  A water moccasin zombie (D:5)
  A wyvern zombie (D:6)
  11 killer bees
  A water moccasin skeleton (D:7)
  9 wights
  A centaur zombie (D:7)
  A centaur skeleton (D:5)
  4 hounds
  4 iguanas
  A jelly (D:5)
  3 orc priests
  2 orc wizards
  A scorpion zombie (D:5)
  A killer bee zombie (D:7)
  A hound skeleton (D:5)
  An adder (D:5)
  3 white imps
  An ufetubus (D:6)
  16 orcs
  4 jackals (D:5)
86 creatures vanquished.

Notes
Turn   | Place    | Note
-------+----------+-------------------------------------------
     0 | D:5      | willcat the Kobold Delver began the quest for the Orb.
     0 | D:5      | Reached XP level 1. HP: 14/14 MP: 1/1
    22 | D:5      | Noticed an ogre
    23 | D:5      | Noticed a black bear
   162 | D:6      | Noticed an iguana
   164 | D:6      | Killed an iguana
   165 | D:6      | Reached skill level 1 in Throwing
   165 | D:6      | Reached XP level 2. HP: 19/19 MP: 2/2
   165 | D:6      | Reached XP level 3. HP: 23/23 MP: 3/3
   177 | D:6      | Reached skill level 7 in Stealth
   323 | D:6      | Noticed a black bear
   329 | D:6      | Killed a black bear
   330 | D:6      | Reached skill level 1 in Evocations
   330 | D:6      | Reached XP level 4. HP: 27/28 MP: 4/4
   330 | D:6      | Reached XP level 5. HP: 31/32 MP: 5/5
   730 | D:6      | Noticed a phantom
   733 | D:6      | Killed a phantom
   734 | D:6      | Reached XP level 6. HP: 30/37 MP: 6/6
  1086 | D:5      | Reached skill level 8 in Stealth
  1321 | D:5      | Reached skill level 5 in Short Blades
  1321 | D:5      | Reached XP level 7. HP: 31/41 MP: 7/7
  1618 | D:5      | Reached skill level 5 in Dodging
  1980 | D:5      | Found a staircase to the Ecumenical Temple.
  1990 | Temple   | Entered the Ecumenical Temple
  2116 | Temple   | Became a worshipper of Gozag Ym Sagoz the Greedy
  2817 | D:5      | Noticed a water moccasin
  2820 | D:5      | Killed a water moccasin
  2821 | D:5      | Reached XP level 8. HP: 46/46 MP: 8/8
  2869 | D:5      | Reached skill level 9 in Stealth
  3634 | D:5      | Noticed Prince Ribbit
  3663 | D:5      | Killed Prince Ribbit
  4348 | D:7      | Reached skill level 5 in Throwing
  4570 | D:7      | Reached XP level 9. HP: 48/51 MP: 9/9
  4735 | D:7      | Noticed Joseph
  5335 | D:7      | Reached skill level 10 in Stealth
  5379 | D:7      | Identified the +6 scale mail of the Undertaker {-Tele +Inv
                  | Str+6}
  5908 | D:7      | Killed Joseph
  5909 | D:7      | Reached skill level 1 in Armour
  6869 | D:8      | Reached skill level 1 in Maces & Flails
  7101 | D:8      | Reached XP level 10. HP: 6/56 MP: 10/10
  7488 | D:8      | Reached skill level 5 in Evocations
  7726 | D:8      | Reached skill level 11 in Stealth
  7828 | D:9      | Reached skill level 1 in Long Blades
  7946 | D:9      | Noticed Grum
  7957 | D:9      | Killed Grum
  8228 | D:9      | Noticed a two-headed ogre
  8265 | D:9      | HP: 1/56 [two-headed ogre (24)]
  8265 | D:9      | Mangled by a two-headed ogre

Illustrated notes

Levels and vault maps discovered:
D:5:      layout_layer_cave, minmay_temple_entry_slanted,
          hangedman_abyss_or_decor_lesser_grid, uniq_prince_ribbit1
D:6:      layout_basic
D:7:      layout_rooms, chequers_jeans, minmay_crystal_room, uniq_joseph
D:8:      layout_basic, minmay_fractal_squares_diagonal_5
D:9:      layout_loops_ring, tgw_trog, special_room [special_room_orc],
          uniq_grum
Temple:   compressed_dpeg_circular_temple

Skill      XL: |  1  2  3  4  5  6  7  8  9 10 |
---------------+-------------------------------+-----
Short Blades   | 3 4 5 6 7 8 |  8.3
Throwing       | 1 2 3 4 5 6 |  6.8
Dodging        | 3 4 5 6 7 8 |  8.1
Stealth        | 7 8 9 10 11 | 11.2
Evocations     | 1 3 4 5 |  5.6
Armour         | 1 2 |  2.6
Maces & Flails | 1 |  1.3
Long Blades    | 1 |  1.4
Fighting       | |  3.2

Action                   |  1- 3 |  4- 6 |  7- 9 | 10-12 || total
-------------------------+-------+-------+-------+-------++-------
Melee: Short sword       |     3 |    52 |   208 |    30 ||   293
       Morningstar       |       |       |    54 |       ||    54
       Long sword        |       |       |       |    19 ||    19
Throw: Dart              |     1 |     3 |    62 |       ||    66
 Abil: Evoke Invisibilit |       |       |     2 |     2 ||     4
Evoke: Wand              |     1 |     1 |    38 |       ||    40
  Use: Scroll            |       |       |     1 |     7 ||     8
       Potion            |       |       |     3 |       ||     3
 Stab: Sleeping          |     3 |     5 |     7 |     6 ||    21
       Distracted        |       |       |     4 |     1 ||     5
       Invisible         |       |       |     3 |     4 ||     7
Armor: Leather armour    |       |    11 |    38 |       ||    49
       Scale mail        |       |       |    42 |     9 ||    51
Dodge: Dodged            |     2 |    45 |   281 |    33 ||   361
Block: Other             |       |       |    47 |    12 ||    59
       Reflection        |       |       |     3 |       ||     3

Table legend: (Time is in decaauts)
 A = Elapsed time spent in this place.
 B = Non-inter-level travel time spent in this place.
 C = Inter-level travel time spent in this place.
 D = Time resting spent in this place.
 E = Time spent auto-exploring this place.
 F = Levels seen in this place.
 G = Mean time per level.
                   A        B        C        D        E       F      G
               +--------+--------+--------+--------+--------+-----+--------+
         Total |   8213 |   7968 |    245 |   2703 |   3750 |   6 | 1368.8 |
       Dungeon |   8079 |   7841 |    238 |   2703 |   3650 |   5 | 1615.8 |
        Temple |    133 |    126 |      7 |      0 |    100 |   1 |  133.0 |
               +--------+--------+--------+--------+--------+-----+--------+

Top non-repeatable levels by time:
     D:5: 2796 daAuts
     D:6: 1873 daAuts
     D:8: 1498 daAuts
     D:7: 1461 daAuts
     D:9: 449 daAuts
  Temple: 133 daAuts
